Map: King Sejong Station LE

Players

Zerghamdi - Winner!

  • Race: Zerg Zerg
  • League: Master

Rakan

  • Race: Terran Terran
  • League: Diamond

VOD

https://www.youtube.com/channel/UCcSgNfDNxvyisU-eCj9xyNg/playlists

Description

Time

  • Played on: Aug. 27, 2016, 5:21 a.m.
  • Length: 7:07
Show
View Real Time Build Order
Export as new Build Order

Zerghamdi Zerg - Winner!

Build Orders: Hatch First 

Get SALT Encoding   

  12  0:01  Drone  
  13  0:12  Overlord  
  13  0:17  Drone  
  14  0:31  Drone x2  
  14  0:35  Drone  
  17  0:53  Hatchery  
  17  0:56  Drone  
  17  1:01  Drone  
  18  1:06  Extractor  
  17  1:16  Spawning Pool  
  16  1:19  Drone  
  16  1:25  Drone  
  18  1:31  Drone  
  19  1:39  Drone  
  20  1:50  Overlord  
  20  2:03  Queen  
  20  2:05  Queen  
  20  2:06  Zergling x2  
  20  2:07  Zergling x2  
  26  2:12  Metabolic Boost  
  27  2:15  Drone  
  27  2:19  Drone  
  27  2:22  Drone  
  29  2:26  Drone  
  30  2:34  Drone  
  31  2:47  Drone  
  31  2:48  Drone  
  31  2:50  Hatchery  
  32  2:53  Overlord  
  32  3:00  Queen  
  32  3:02  Drone  
  35  3:06  Drone  
  35  3:12  Drone x2  
  38  3:16  Drone x3  
  38  3:19  Overlord  
  41  3:22  Drone  
  41  3:29  Drone x2  
  43  3:39  Queen  
  45  3:42  Drone x2  
  45  3:45  Overlord x2  
  45  3:46  Overlord  
  47  3:51  Roach Warren  
  46  4:03  Drone  
  46  4:04  Drone x6  
  53  4:10  Queen  
  53  4:14  Drone  
  55  4:19  Evolution Chamber  
  55  4:20  Evolution Chamber  
  55  4:23  Drone x2  
  55  4:24  Drone x4  
  59  4:26  Overlord  
  59  4:29  Zergling x2  
  59  4:30  Zergling x2  
  61  4:31  Zergling x2  
  61  4:33  Zergling x2  
  61  4:35  Zergling x2  
  64  4:41  Zergling x2  
  64  4:45  Zergling x2  
  66  4:47  Zergling x6  
  66  4:48  Zergling x2  
  66  4:50  Zergling x6  
  73  4:56  Spore Crawler, Zergling x4  
  73  4:58  Zergling x2  
  73  4:59  Spore Crawler  
  74  5:01  Spore Crawler  
  74  5:04  Zergling x2  
  74  5:07  Zerg Ground Armor Level 1, Zerg Melee Weapons Level 1  
  74  5:09  Zergling x4  
  76  5:19  Extractor  
  76  5:20  Baneling Nest  
  73  5:23  Drone  
  73  5:24  Drone x2, Extractor  
  73  5:25  Drone x3  
  73  5:26  Zergling x6  
  73  5:27  Zergling x6  
  81  5:47  Drone x4  
  81  5:48  Drone x2  
  87  5:52  Lair, Extractor  
  87  5:53  Drone x3  
  89  5:58  Zergling x2  
  89  6:00  Overlord x4  
  90  6:07  Overlord x2  
  90  6:10  Hatchery  
  89  6:16  Baneling x9  
  89  6:17  Zergling x2  
  90  6:21  Zergling x8  
  90  6:23  Zergling x10  
  99  6:27  Baneling x4  
  99  6:30  Zergling x6  
  99  6:31  Zergling x2  
  103  6:37  Zergling x6  
  101  6:48  Drone x3  
  104  7:03  Infestation Pit  
Show
View Real Time Build Order
Export as new Build Order

Rakan Terran 

Build Orders: MMM Bio 

Get SALT Encoding   

  12  0:00  SCV  
  13  0:13  SCV  
  14  0:17  Supply Depot  
  14  0:25  SCV  
  15  0:39  SCV  
  15  0:40  Barracks  
  16  0:44  Refinery  
  16  0:51  SCV  
  17  1:03  SCV  
  18  1:15  SCV  
  19  1:27  SCV  
  20  1:36  Reaper  
  21  1:44  Command Center  
  21  1:50  Orbital Command  
  21  2:05  Barracks  
  21  2:14  Supply Depot  
  21  2:16  SCV  
  21  2:19  Refinery  
  22  2:26  Barracks Reactor  
  21  2:31  SCV  
  22  2:37  Factory  
  22  2:43  SCV  
  22  2:51  Barracks Tech Lab  
  22  2:55  SCV  
  23  2:58  Orbital Command  
  23  3:05  Marine x2  
  25  3:11  Stimpack  
  25  3:19  SCV  
  26  3:24  Starport  
  26  3:25  SCV  
  27  3:31  SCV  
  28  3:34  Marine  
  28  3:38  Marine x2  
  28  3:40  SCV  
  32  3:42  Factory Reactor  
  32  3:45  Orbital Command  
  32  3:52  Marine  
  33  3:56  Marine x2  
  35  4:06  SCV  
  35  4:09  Marine  
  36  4:13  SCV, Marine  
  39  4:17  Marine  
  39  4:18  SCV  
  41  4:25  Medivac x2  
  41  4:27  Marine  
  41  4:31  Supply Depot  
  46  4:35  Supply Depot  
  46  4:37  Engineering Bay  
  46  4:42  Engineering Bay  
  46  4:52  SCV x2, Marine x3  
  51  4:53  Supply Depot  
  51  4:58  Barracks  
  51  5:05  SCV x2  
  53  5:10  Marine x2  
  54  5:17  SCV x2, Supply Depot  
  54  5:21  Medivac x2  
  60  5:27  Combat Shields  
  60  5:28  Marine  
  60  5:29  SCV x2  
  63  5:41  SCV x2  
  51  5:45  Marine x2  
  51  5:46  Marine  
  54  5:50  Command Center  
  54  5:53  SCV x2  
  56  6:01  Barracks Tech Lab  
  56  6:02  Marine  
  57  6:04  Marine  
  57  6:05  SCV x2, Marauder  
  57  6:11  Medivac  
  64  6:17  SCV  
  64  6:18  SCV  
  66  6:20  Marine  
  66  6:25  Supply Depot  
  67  6:26  Marauder x2  
  67  6:29  SCV  
  67  6:30  SCV  
  73  6:33  Factory Reactor  
  73  6:41  SCV  
  73  6:42  SCV, Marine x2  
  77  6:47  Marine  
  77  6:53  SCV  
  80  6:54  SCV  
Tags
 
Add a new tag
Caveats
  • Supply blocks, unpowered buildings, or Contaminate may cause inaccurate times.
  • Supply counts are checked every 10 seconds.